 Dungeon Crawl Stone Soup version 0.29.1-1-gd02db6906a (webtiles) character file.

Game seed: 17214547721798527749

133 leavemydog the Conjurer (level 4, -5/24 HPs)
             Began as a Deep Elf Conjurer on Sept 15, 2022.
             Shot with an arrow by a centaur (7 damage)
             ... on level 3 of the Dungeon on Sept 16, 2022.
             The game lasted 00:01:50 (2410 turns).

leavemydog the Conjurer (Deep Elf Conjurer)         Turns: 2410, Time: 00:01:51

Health: -5/24      AC:  3    Str:  4    XL:     4   Next: 93%
Magic:  11/12      EV: 12    Int: 25    God:
Gold:   88         SH:  0    Dex: 13    Spells: 4/11 levels left

rFire   + . .      SeeInvis .   d - +0 short sword
rCold   + . .      Faith    .   (no shield)
rNeg    . . .      Spirit   .   a - +0 robe
rPois   +          Reflect  .   c - +0 helmet
rElec   +          Harm     .   (no cloak)
rCorr   +          Rampage  .   (no gloves)
Will    .....                   (no boots)
Stlth   ++........              m - amulet of regeneration
HPRegen 0.88/turn               (no ring)
MPRegen 0.13/turn               (no ring)

@: resistant
A: no striking features
a: no special abilities


You were on level 3 of the Dungeon.
You visited 1 branch of the dungeon, and saw 3 of its levels.

You collected 88 gold pieces.

Inventory:

Hand Weapons
 d - a +0 short sword (weapon)
Armour
 a - a +0 robe (worn)
 c - a +0 helmet (worn)
Jewellery
 m - an amulet of regeneration (around neck)
Scrolls
 e - a scroll of enchant armour {unknown}
 f - 4 scrolls of identify {unknown}
 g - a scroll of poison {unknown}
 h - a scroll of fog {unknown}
 j - a scroll of vulnerability {unknown}
 k - a scroll of teleportation {unknown}
 l - a scroll of fear {unknown}
 o - a scroll of amnesia {unknown}
Potions
 b - a potion of magic
 n - a potion of flight {unknown}
 p - a potion of berserk rage {unknown}


   Skills:
 - Level 2.4 Dodging
 - Level 2.4 Stealth
 + Level 4.0 Spellcasting
 + Level 6.3 Conjurations
 * Level 1.0 Translocations


You had 4 spell levels left.
You knew the following spells:

 Your Spells              Type           Power      Damage    Failure   Level
a - Magic Dart            Conj           100%       1d8       1%          1
b - Searing Ray           Conj           72%        2d7       1%          2
c - Iskenderun's Mystic   Conj/Tloc      23%        2d6       21%         4

Your spell library contained the following spells:

 Spells                   Type           Power      Damage    Failure   Level
 Dazzling Flash           Conj/Hex       42%        N/A       8%          3
 Beastly Appendage        Tmut           10%        N/A       9%          1
 Wereblood                Tmut           5%         N/A       14%         2
 Fulminant Prism          Conj/Hex       10%        3d9       24%         4
 Spider Form              Tmut/Pois      5%         N/A       26%         3


Dungeon Overview and Level Annotations

Branches:
Dungeon (3/15)

Altars:
Xom


Message History

Okay, then.
The magic dart hits the rat but does no damage.
The magic dart hits the rat.
You kill the rat!
You can't see any susceptible monsters within range! (Use Z to cast anyway.)
Found a stone staircase leading up.
You now have 88 gold pieces (gained 7).
There is a stone staircase leading up here.
A ball python comes into view.
The magic dart hits the ball python!
You kill the ball python!
You can't see any susceptible monsters within range! (Use Z to cast anyway.)
You can't see any susceptible monsters within range! (Use Z to cast anyway.)
There is an open door, spattered with blood here.
There is an open door, spattered with blood here.
You open the door.
There is an open door here.
There is an open door here.
There is an open door, spattered with blood here.
You open the door.
There is an open door here.
Key pressed, stopping explore.
There is an open door here.
There is an open door here.
You open the door.
There is an open door here.
Found a stone staircase leading down.
A centaur comes into view.
The magic dart hits the centaur.
The centaur is lightly wounded.
The centaur shouts!
The centaur wields a +0 shortbow.
The centaur shoots an arrow.
The arrow hits you!
The centaur shoots an arrow.
The arrow hits you.
The centaur shoots an arrow.
The arrow hits you!
* * * LOW HITPOINT WARNING * * *
It was a potion of resistance.
You feel protected.
The centaur shoots an arrow.
The arrow hits you!
You die...

####### ......####
.........# ####
.........# .....
.........# .....
.........# ......
.........# #######......
#####....###..........c.
...........'....@..>....
#####....###.....)....##
#....# #..........#
#....# #............
##....# #..........##
###.....# #..........#
#.......# #............
##+###...# ########.##..
.....#...# .#


You could see a centaur.

Vanquished Creatures
  Terence (D:2)
  7 adders
  2 dart slugs (D:3)
  6 bats
  3 endoplasms (D:2)
  A giant cockroach (D:1)
  3 goblins
  5 hobgoblins
  3 kobolds
  7 ball pythons
  2 frilled lizards
  2 rats (D:3)
42 creatures vanquished.

Notes
Turn   | Place    | Note
-------+----------+-------------------------------------------
     0 | D:1      | leavemydog the Deep Elf Conjurer began the quest for the
                  | Orb.
     0 | D:1      | Reached XP level 1. HP: 10/10 MP: 6/6
   397 | D:1      | Reached XP level 2. HP: 15/15 MP: 6/8
   425 | D:1      | Learned a level 2 spell: Searing Ray
   681 | D:2      | Found a shimmering altar of Xom.
   684 | D:2      | Reached skill level 5 in Conjurations
   709 | D:2      | Noticed Terence
   717 | D:2      | Killed Terence
   718 | D:2      | Reached XP level 3. HP: 19/19 MP: 1/9
  1192 | D:2      | Reached XP level 4. HP: 24/24 MP: 9/11
  1197 | D:2      | Learned a level 4 spell: Iskenderun's Mystic Blast
  1446 | D:2      | Reached skill level 6 in Conjurations
  1921 | D:3      | Identified the +10 short sword of the Lonely Hells {venom,
                  | Will+ Int-2 Dex+6}
  2090 | D:3      | Reached skill level 1 in Translocations
  2407 | D:3      | Noticed a centaur
  2409 | D:3      | HP: 1/24 [centaur/arrow (7)]
  2410 | D:3      | Shot with an arrow by a centaur

Illustrated notes

Levels and vault maps discovered:
D:1:      lemuel_arrival_room, layout_basic
D:2:      layout_basic, basic_altar, uniq_terence
D:3:      layout_basic, hellmonk_ecumenical_altar_defaced_shrine,
          kennysheep_another_room, st_stairs_3, minmay_misc_feat_encased,
          kennysheep_generic_room_13

Skill      XL: |  1  2  3  4 |
---------------+-------------+-----
Conjurations   | 5 6 |  6.3
Spellcasting   | 4 |  4.0
Translocations | 1 |  1.0
Dodging        | |  2.4
Stealth        | |  2.4

Action                   |  1- 3 |  4- 6 || total
-------------------------+-------+-------++-------
 Cast: Magic Dart        |    39 |    41 ||    80
       Searing Ray       |     1 |       ||     1
  Use: Potion            |       |     1 ||     1
Armor: Robe              |       |     3 ||     3
Dodge: Dodged            |     1 |     2 ||     3
